cohdb
Replays
Latest Replays
All Replays
Popular Replays
Top Player Replays
Match Explorer
How It Works
Community
CoH3 Stats
Reddit
Sign in to upload your games and track your stats! →
Sign in with Steam
Match 41987870
Unlisted
Match 41987870
Overview
Messages
Build Orders
End
Pioneer Squad
Construct Infanterie Kompanie
MG 42 Machine Gun Team
Grenadier Squad
GrW 34 Mortar Team
Construct Panzergrenadier Kompanie
Medical Station
Pak 40 Anti-tank Gun Team
Panzergrenadier Squad
Kettenkrad Recon Vehicle
251 Medium Carrier
Panzergrenadier Squad
Support Elements
Selects Mechanized Battlegroup
Selects Raid Package
Selects StuG Assault Group
StuG III G Assault Gun
StuG III G Assault Gun
Side Skirts
251 Medium Carrier
Selects Mobile Repair Stations
Selects Wespe Self-propelled Artillery
Unsafe
Z3tN13
Findus
Mallis
Starlight
Rurutia
0
0
Comments
sign in to comment!
No comments posted yet!